 Dungeon Crawl Stone Soup version 0.30-a0-618-gd6c86c23d0 (webtiles) character file.

Game seed: 2695869545610343112

45117 lesbiats the Brawler (level 13, 0/128 (133) HPs)
             Began as a Troll Fighter on Jan 10, 2023.
             Was a High Priest of Wu Jian.
             Slain by a sphinx (3 damage)
             ... summoned by Kirke
             ... while paralysed by a sphinx
             ... on level 5 of the Lair of Beasts on Jan 11, 2023.
             The game lasted 01:08:47 (16059 turns).

lesbiats the Brawler (Troll Fighter)               Turns: 16059, Time: 01:08:48

HP:   0/128 (133)   AC:  0    Str: 27    XL:     13   Next: 99%
MP:   0/12          EV:  3    Int:  8    God:    Wu Jian [*****.]
Gold: 1107          SH:  0    Dex:  9    Spells: 6/12 levels left

rFire   . . .      SeeInvis .      - Unarmed
rCold   . . .      Faith    .    (shield currently unavailable)
rNeg    . . .      Spirit   +    (body armour currently unavailable)
rPois   .          Reflect  .    (helmet currently unavailable)
rElec   .          Harm     .    (cloak currently unavailable)
rCorr   .          Rampage  .    (gloves unavailable)
Will    .....                    (boots unavailable)
Stlth   +                        O - amulet of guardian spirit
HPRegen 1.21/turn                (ring currently unavailable)
MPRegen 0.13/turn                (ring currently unavailable)

@: paralysed, pig-form (expiring), slowed, lightly drained, very quick
A: fast, no casting, small, unfitting armour, (claws 3), regeneration 1, (shaggy
fur 1), (tough skin 1)
a: Renounce Religion, Wall Jump, Serpent's Lash, Heavenly Storm


You were on level 5 of the Lair of Beasts.
You worshipped Wu Jian.
Wu Jian was extremely pleased with you.
You were a filthy swine.
You visited 3 branches of the dungeon, and saw 17 of its levels.

You collected 1387 gold pieces.
You spent 280 gold pieces at shops.

Inventory:

Missiles
 r - 37 poisoned darts (quivered)
 t - 7 boomerangs
 P - 3 curare-tipped darts
Armour
 b - a +0 kite shield (melded)
 I - a scarf of repulsion (melded)
 Q - a +0 troll leather armour (melded)
Jewellery
 a - an amulet of reflection
 d - a +4 ring of slaying (melded)
 B - a +4 ring of protection (melded)
 O - an amulet of guardian spirit (around neck)
Wands
 x - a wand of charming (10)
 K - a wand of quicksilver (19)
 L - a wand of flame (17)
 N - a wand of digging (5)
Scrolls
 f - 3 scrolls of immolation {unknown}
 h - 3 scrolls of teleportation
 m - a scroll of butterflies {unknown}
 n - 4 scrolls of enchant weapon {unknown}
 v - 2 scrolls of vulnerability {unknown}
 w - 3 scrolls of brand weapon {unknown}
 y - 3 scrolls of fog {unknown}
 z - a scroll of blinking
 C - 2 scrolls of noise {unknown}
 D - 2 scrolls of fear {unknown}
 E - a scroll of torment {unknown}
 F - a scroll of silence {unknown}
 G - 2 scrolls of poison {unknown}
 H - 3 scrolls of magic mapping {unknown}
 M - 4 scrolls of enchant armour
 R - 3 scrolls of amnesia {unknown}
Potions
 c - 2 potions of might
 e - 3 potions of lignification
 g - 3 potions of curing
 i - 2 potions of berserk rage
 k - 4 potions of flight
 l - 2 potions of haste
 o - a potion of ambrosia {unknown}
 p - 4 potions of attraction
 q - 6 potions of invisibility
 s - 4 potions of degeneration {unknown}
 u - 2 potions of cancellation {unknown}
 A - 5 potions of brilliance
 J - a potion of magic {unknown}
 S - a potion of heal wounds {unknown}
 T - a potion of resistance {unknown}


   Skills:
 + Level 9.9 Fighting
 + Level 9.4 Dodging
 + Level 10.7 Shields
 * Level 15.8 Unarmed Combat


You had 6 spell levels left.
You knew the following spells:

 Your Spells              Type           Power      Damage    Failure   Level
a - Statue Form           Tmut/Erth      0%         N/A       100%        6

Your spell library contained the following spells:

 Spells                   Type           Power      Damage    Failure   Level
 Freeze                   Ice            0%         1d3       41%         1
 Magic Dart               Conj           0%         1d3       41%         1
 Sting                    Tmut/Pois      0%         1d3       41%         1
 Poisonous Vapours        Pois/Air       0%         N/A       54%         2
 Searing Ray              Conj           0%         2d4       54%         2
 Frozen Ramparts          Ice            0%         1d1       78%         3
 Hailstorm                Conj/Ice       0%         3d3       78%         3
 Inner Flame              Hex/Fire       0%         N/A       78%         3
 Kindle Blastsparks       Fire/Tloc/Air  0%         2d10      78%         3
 Cause Fear               Hex            0%         N/A       99%         4
 Fulminant Prism          Conj/Hex       0%         3d5       99%         4
 Iskenderun's Mystic Bla  Conj/Tloc      0%         2d3       99%         4
 Leda's Liquefaction      Hex/Erth       0%         N/A       99%         4
 Olgreb's Toxic Radiance  Pois           0%         N/A       99%         4
 Petrify                  Tmut/Erth      0%         N/A       99%         4
 Summon Ice Beast         Ice/Summ       0%         N/A       99%         4
 Fireball                 Conj/Fire      0%         3d3       100%        5
 Iskenderun's Battlesphe  Conj           0%         2d6       100%        5
 Lee's Rapid Deconstruct  Erth           0%         3d4*      100%        5
 Metabolic Englaciation   Hex/Ice        0%         N/A       100%        5
 Summon Mana Viper        Hex/Summ       0%         N/A       100%        5
 Conjure Ball Lightning   Conj/Air       0%         3x3d6     100%        6
 Monstrous Menagerie      Summ           0%         N/A       100%        7
 Orb of Destruction       Conj           0%         9d5       100%        7
 Discord                  Hex            0%         N/A       100%        8
 Disjunction              Tloc           0%         N/A       100%        8


Dungeon Overview and Level Annotations

Branches:
Dungeon (11/15)            Temple (1/1) D:6            Lair (5/5) D:9
 Shoals (0/4) Lair:2       Spider (0/4) Lair:2        Slime (0/5) Lair:5
    Orc: D:9-12

Altars:
Cheibriados
Dithmenos
Elyvilon
Fedhas
Gozag
Kikubaaqudgha
Makhleb
Nemelex Xobeh
Okawaru
Qazlal
Trog
Uskayaw
Vehumet
Wu Jian
Yredelemnul
Zin
The Shining One
Jiyva

Shops:
D:5 *

Portals:
Hell: Lair:5

Annotations:
Lair:5 Kirke


Innate Abilities, Weirdness & Mutations

You are a filthy swine.
You move quickly.
Your equipment is almost entirely melded.
You are incapable of wielding weapons or throwing items.
You cannot cast spells.
You are too large for most types of armour.
((You have claws for hands.))
Your natural rate of healing is unusually fast.
((You are covered in fur. (AC +1)))
((You have tough skin. (AC +1)))


Message History

Kirke is heavily wounded.
Kirke hits you with a +0 trident!
* * * LOW HITPOINT WARNING * * *
You barely miss Kirke.
Kirke is heavily wounded.
You hit Kirke.
Kirke is severely wounded.
Kirke casts a spell at you.
You feel yourself slow down.
You hit Kirke but do no damage.
Kirke is severely wounded.
Kirke mumbles some strange words.
Kirke summons a sphinx!
You bite Kirke!
Kirke is severely wounded.
Your transformation is almost over.
Kirke casts a spell.
Kirke summons a sphinx!
You closely miss Kirke.
Kirke is severely wounded.
Kirke casts a spell.
Kirke summons a manticore!
The sphinx hits you.
* * * LOW HITPOINT WARNING * * *
The sphinx hits you.
* * * LOW HITPOINT WARNING * * *
The sphinx barely misses you. Kirke hits you with a +0 trident!
* * * LOW HITPOINT WARNING * * *
You spin and attack the sphinx.
You hit the sphinx.
The sphinx is lightly wounded.
The sphinx mumbles some strange words.
You suddenly lose the ability to move!
Kirke mumbles some strange words.
Kirke flickers and vanishes!
Deactivating autopickup; reactivate with Ctrl-A.
The sphinx hits you!!
* * * LOW HITPOINT WARNING * * *
The sphinx hits you.
* * * LOW HITPOINT WARNING * * *
The sphinx hits you.
You die...

#.##.........####....
##..............#.#..
##...(.............#..
#.....................
#....................#
#....................#
###...................##
#.#...<................#
##.....h............####
#.....HH..........#.##
#.......{.........##.##
##.....H.........#.....
##....................
##...........#....#.#.
#P..........##.....##.
#...........###....##.
##.....................


You could see 2 sphinxes and a manticore (summoned).

Vanquished Creatures
  A dire elephant (Lair:5)
  2 catoblepae (Lair:5)
  4 hydras
  3 boulder beetles
  6 death yaks
  Sonja (Lair:5)
  A sixfirhy (Lair:5)
  The ghost of yumyumyeen the Thaumaturge, a novice DjFE of Qazlal (D:6)
  A wizard (Lair:5)
  Pikel (D:7)
  A merfolk siren (Lair:2)
  8 elephants
  Joseph (D:7)
  5 black mambas
  5 orange demons (Lair:5)
  7 cane toads
  5 rime drakes
  A kobold demonologist (D:10)
  12 komodo dragons
  A red devil (Lair:5)
  3 trolls
  A merfolk (Lair:2)
  A hellwing (Lair:5)
  2 polar bears
  A hornet (D:6)
  Prince Ribbit (D:6)
  12 blink frogs (Lair:5)
  2 slime creatures (Lair:5)
  2 shadows (D:10)
  A wraith (D:10)
  42 yaks
  2 basilisks
  6 wyverns
  3 hogs (Lair:5)
  2 steam dragons
  2 vampire mosquitoes (D:10)
  Grum (D:8)
  2 redbacks (Lair:2)
  2 acid dragons
  7 water moccasins
  4 hell hounds (Lair:5)
  5 ice beasts
  2 black bears
  4 orc warriors
  17 wolves
  An ogre (D:3)
  4 centaurs
  3 phantoms
  2 kobold brigands (D:9)
  A lemure (D:7)
  6 bullfrogs
  2 necrophages
  4 scorpions
  3 wights (D:5)
  5 killer bees (D:9)
  An electric eel (D:8)
  4 howler monkeys
  A crimson imp (D:7)
  3 hounds (D:5)
  3 jellies
  6 orc priests
  Terence (D:2)
  3 iguanas
  8 orc wizards
  A centaur simulacrum (D:8)
  8 adders
  A shadow imp (D:6)
  5 white imps
  2 ufetubi
  A worm (D:5)
  3 dart slugs
  40 orcs
  10 ball pythons
  3 bats (D:1)
  3 endoplasms
  A giant cockroach (D:1)
  6 hobgoblins
  9 jackals
  4 quokkas
  3 frilled lizards (D:1)
  18 goblins
  20 kobolds
  2 rats
  A butterfly (D:6)
396 creatures vanquished.

Vanquished Creatures (others)
  26 fungi
  23 plants
49 creatures vanquished.

Grand Total: 445 creatures vanquished

Notes
Turn   | Place    | Note
-------+----------+-------------------------------------------
     0 | D:1      | lesbiats the Troll Fighter began the quest for the Orb.
     0 | D:1      | Reached XP level 1. HP: 22/22 MP: 0/0
    86 | D:1      | Reached XP level 2. HP: 29/29 MP: 1/1
   594 | D:1      | Reached XP level 3. HP: 36/36 MP: 2/2
   815 | D:2      | Reached skill level 3 in Unarmed Combat
   840 | D:2      | Noticed Terence
   852 | D:2      | Killed Terence
   853 | D:2      | Reached XP level 4. HP: 30/44 MP: 3/3
   896 | D:2      | Found a hide-covered altar of Uskayaw.
  1846 | D:3      | Reached XP level 5. HP: 20/53 MP: 4/4
  1851 | D:3      | Reached skill level 4 in Unarmed Combat
  2314 | D:3      | Noticed an ogre
  2359 | D:3      | Killed an ogre
  2548 | D:3      | Reached XP level 6. HP: 60/61 MP: 5/5
  2730 | D:4      | Noticed a water moccasin
  3031 | D:4      | Found an iron altar of Okawaru.
  3175 | D:4      | Killed a water moccasin
  3176 | D:4      | Reached skill level 5 in Unarmed Combat
  3185 | D:4      | Found a hide-covered altar of Uskayaw.
  3511 | D:5      | Entered Level 5 of the Dungeon
  3631 | D:5      | Reached XP level 7. HP: 68/68 MP: 6/6
  3914 | D:5      | Found Icwuigaz's Assorted Antiques.
  3922 | D:5      | Bought a scroll of identify for 40 gold pieces
  3943 | D:5      | Reached skill level 6 in Unarmed Combat
  4348 | D:5      | Reached XP level 8. HP: 74/79 MP: 7/7
  4479 | D:6      | Reached skill level 5 in Shields
  4479 | D:6      | Reached skill level 7 in Unarmed Combat
  4657 | D:6      | Identified the +0 chain mail of Syunaes {rC+}
  4816 | D:6      | Found a staircase to the Ecumenical Temple.
  4824 | Temple   | Entered the Ecumenical Temple
  4860 | Temple   | Became a worshipper of the Wu Jian Council
  4931 | D:6      | Found a runed translucent gate.
  4931 | D:6      | Noticed a hornet
  4932 | D:6      | Found a runed translucent gate.
  4932 | D:6      | Found an opulent altar of Gozag.
  4932 | D:6      | Found a runed translucent gate.
  4933 | D:6      | Noticed yumyumyeen's ghost (novice DjFE)
  5211 | D:7      | Noticed Prince Ribbit
  5229 | D:6      | Killed Prince Ribbit
  5230 | D:6      | Reached skill level 5 in Fighting
  5374 | D:7      | Noticed Joseph
  5413 | D:6      | Reached skill level 8 in Unarmed Combat
  5469 | D:6      | Reached XP level 9. HP: 70/88 MP: 8/8
  5694 | D:7      | Found a white marble altar of Elyvilon.
  6148 | D:7      | Killed Joseph
  6149 | D:7      | Reached skill level 9 in Unarmed Combat
  6325 | D:8      | Noticed a polar bear
  6328 | D:8      | Reached * piety under Wu Jian
  6386 | D:8      | Noticed a death yak
  6402 | D:8      | Killed a death yak
  6403 | D:8      | Reached skill level 5 in Dodging
  6524 | D:8      | Noticed Pikel
  6529 | D:8      | Reached XP level 10. HP: 63/98 MP: 9/9
  6529 | D:8      | Noticed Grum
  6667 | D:7      | Killed Pikel
  6668 | D:7      | Reached skill level 10 in Unarmed Combat
  6762 | D:8      | Killed Grum
  7047 | D:8      | Reached ** piety under Wu Jian
  7138 | D:8      | Identified the +9 broad axe "Holomay" {drain, Drain rN+
                  | Will+++ Dex+4}
  7861 | D:9      | Found a staircase to the Lair.
  8282 | D:9      | Reached *** piety under Wu Jian
  8419 | D:10     | Entered Level 10 of the Dungeon
  8542 | D:10     | Reached skill level 11 in Unarmed Combat
  9005 | D:10     | Found an opulent altar of Gozag.
  9085 | D:10     | Reached XP level 11. HP: 109/109 MP: 8/10
  9237 | D:10     | Found a large runed translucent door.
  9237 | D:10     | Found a large runed translucent door.
  9297 | D:10     | Found a radiant altar of Vehumet.
  9309 | D:10     | Found a shadowy altar of Dithmenos.
  9525 | D:11     | Noticed a two-headed ogre
  9600 | Lair:1   | Entered Level 1 of the Lair of Beasts
 10034 | Lair:1   | Reached skill level 12 in Unarmed Combat
 10251 | Lair:1   | Reached **** piety under Wu Jian
 10766 | Lair:2   | Noticed a six-headed hydra
 10909 | Lair:2   | You fall into a shaft and drop 1 floor!
 10949 | Lair:2   | Learned a level 6 spell: Statue Form
 11007 | Lair:2   | Found a hole to the Spider Nest.
 11187 | Lair:2   | Reached XP level 12. HP: 108/119 MP: 7/11
 11217 | Lair:2   | Killed a six-headed hydra
 11296 | Lair:2   | Reached skill level 13 in Unarmed Combat
 11571 | Lair:2   | Found a staircase to the Shoals.
 11922 | Lair:3   | Noticed a boulder beetle
 11959 | Lair:3   | Killed a boulder beetle
 12160 | D:6      | Killed yumyumyeen's ghost
 12161 | D:6      | Paralysed by a hornet for 1 turns
 12742 | Lair:3   | Noticed a boulder beetle
 12774 | Lair:3   | Killed a boulder beetle
 13099 | Lair:4   | Noticed a six-headed hydra
 13105 | Lair:4   | Killed an eight-headed hydra
 13107 | Lair:4   | Reached skill level 14 in Unarmed Combat
 14127 | D:5      | Bought a shiny glass wand for 80 gold pieces
 14127 | D:5      | Bought a potion of invisibility for 160 gold pieces
 14269 | Lair:5   | Entered Level 5 of the Lair of Beasts
 14278 | Lair:5   | Reached XP level 13. HP: 130/131 MP: 12/12
 14315 | Lair:5   | Found a viscous altar of Jiyva.
 14315 | Lair:5   | Found a staircase to the Slime Pits.
 14324 | Lair:5   | Reached ***** piety under Wu Jian
 14596 | Lair:5   | Noticed a dire elephant
 14608 | Lair:5   | Killed a dire elephant
 14609 | Lair:5   | Reached skill level 10 in Shields
 14786 | Lair:5   | Found a burning altar of Makhleb.
 14818 | Lair:5   | Reached skill level 15 in Unarmed Combat
 14928 | Lair:5   | Found a gateway to Hell.
 15345 | Lair:5   | Noticed Kirke
 15360 | Lair:5   | Noticed Sonja
 15487 | Lair:5   | Killed Sonja
 15802 | Lair:5   | Noticed a sphinx
 16056 | Lair:5   | Noticed a sphinx
 16057 | Lair:5   | Noticed a sphinx
 16058 | Lair:5   | Paralysed by a sphinx for 4 turns
 16059 | Lair:5   | HP: 4/128 [sphinx[Kirke] (21)]
 16059 | Lair:5   | Slain by a sphinx

Illustrated notes

Levels and vault maps discovered:
D:1:      elethiomel_arrival_infinity_welcomes_careful_drivers, layout_rooms,
          serial_corexii_hall, corexii_hall_statues_x,
          chequers_hall_statues_corner_a
D:2:      layout_basic, basic_altar, minmay_goblin_outpost, uniq_terence
D:3:      layout_loops_ring, grunt_ministairs_3, serial_park_tiny_pond,
          serial_park_tiny_1, minmay_ogre_servants
D:4:      layout_cave_pods, mainiacjoe_overflow_surrounded_room,
          okawaru_ov_weapons_minmay
D:5:      layout_basic, serial_shops, nicolae_square_shop
D:6:      layout_rooms, minmay_temple_entry_butterflies, ebering_ghost_gozag
D:7:      wander_river, layout_rooms, elyvilon_altar_3, minmay_fire_ice_demons,
          uniq_prince_ribbit1, uniq_joseph
D:8:      layout_basic, serial_ice, serial_ice_e, serial_ice_b, serial_ice_c,
          serial_ice_h, serial_ice_d, serial_ice_m, serial_ice_n, serial_ice_f,
          serial_ice_a, serial_ice_g, nicolae_elevator_lobby_asterisk,
          uniq_pikel, uniq_grum
D:9:      layout_rooms, lair_entry_dummy
D:10:     layout_loops_ring, nicolae_gozag_seed_capital, jmf_multi_god_temple2
D:11:     layout_big_octagon
Temple:   nicolae_temple_superstar
Lair:1:   layout_layer_cave, infiniplex_staircase_pool_2, serial_bayou_shore_a
Lair:2:   layout_long_grid, elwin_shoals_entry_rooms, spider_nest_entry_a,
          infiniplex_staircase_pool
Lair:3:   layout_regular_city, lemuel_fruit_fields, lemuel_fruit_tree,
          lemuel_fruit_fields
Lair:4:   layout_cave_pods
Lair:5:   evil_forest, layout_cave_pods, minmay_slime_entry_pillars, uniq_sonja,
          uniq_kirke

Skill      XL: |  1  2  3  4  5  6  7  8  9 10 11 12 13 |
---------------+----------------------------------------+-----
Shields        | 3 4 5 6 7 8 9 10 | 10.7
Unarmed Combat | 3 4 5 6 8 9 11 12 14 15 | 15.8
Fighting       | 3 4 5 6 7 8 9 |  9.9
Dodging        | 3 4 5 6 7 8 9 |  9.4

Action                   |  1- 3 |  4- 6 |  7- 9 | 10-12 | 13-15 || total
-------------------------+-------+-------+-------+-------+-------++-------
Melee: Unarmed           |    85 |   153 |   258 |   662 |   311 ||  1469
       Whip              |       |       |       |    10 |       ||    10
Throw: Dart              |       |     1 |       |       |     8 ||     9
Invok: Lunge             |       |       |     8 |    47 |    20 ||    75
       Whirlwind         |       |       |     9 |   136 |    78 ||   223
Evoke: Wand              |       |       |       |     5 |     2 ||     7
  Use: Scroll            |       |     4 |     3 |     5 |     6 ||    18
       Potion            |       |       |       |     5 |     4 ||     9
Armor: Robe              |    23 |    58 |    71 |    57 |       ||   209
       Troll leather arm |       |       |       |   107 |    71 ||   178
       Skin              |       |       |       |       |    17 ||    17
Dodge: Dodged            |    20 |    46 |    82 |   211 |    96 ||   455
       Repelled          |       |       |       |     2 |       ||     2
Block: Kite shield       |    39 |    73 |   105 |   270 |   115 ||   602

Table legend: (Time is in decaauts)
 A = Elapsed time spent in this place.
 B = Non-inter-level travel time spent in this place.
 C = Inter-level travel time spent in this place.
 D = Time resting spent in this place.
 E = Time spent auto-exploring this place.
 F = Levels seen in this place.
 G = Mean time per level.
                   A        B        C        D        E       F      G
               +--------+--------+--------+--------+--------+-----+--------+
         Total |  16091 |  12103 |   3988 |   1607 |   6485 |  17 |  946.5 |
       Dungeon |  10014 |   7936 |   2078 |    785 |   4660 |  11 |  910.4 |
        Temple |     48 |     30 |     18 |      0 |     22 |   1 |   48.0 |
          Lair |   6028 |   4137 |   1891 |    822 |   1803 |   5 | 1205.6 |
               +--------+--------+--------+--------+--------+-----+--------+

Top non-repeatable levels by time:
  Lair:5: 1506 daAuts
  Lair:1: 1292 daAuts
     D:6: 1290 daAuts
     D:8: 1255 daAuts
  Lair:2: 1230 daAuts
     D:7: 1087 daAuts
  Lair:4: 1082 daAuts
     D:5: 1049 daAuts
     D:2: 973 daAuts
     D:3: 934 daAuts
  Lair:3: 916 daAuts
    D:10: 882 daAuts
     D:4: 861 daAuts
     D:9: 794 daAuts
     D:1: 760 daAuts
